TOP OF THE 1ST |
Hendersonville Hitmen batting - Pitching for Nassau Rockets : LHP Rod Adams
|
Pitching: LHP Rod Adams
|
|
Batting: SHB Félix Montoya
|
0-0: Swinging Strike 0-1: Called Strike 0-2: Foul Ball, location: 2F 0-2: SINGLE (Line Drive, 56D)
|
Batting: SHB José Estreito
|
0-0: Ball 1-0: Called Strike 1-1: Grounds into double play, 4-6-3 (Groundball, 4)
|
Batting: LHB Robert Phillips
|
0-0: Ball 1-0: SINGLE (Line Drive, 6MD)
|
Batting: RHB Felipe Jareño
|
0-0: Ball 1-0: Called Strike 1-1: Ball 2-1: Called Strike 2-2: Strikes out swinging
|
Top of the 1st over - 0 runs, 2 hits, 0 errors, 1 left on base; Hendersonville 0 - Nassau 0 |
BOTTOM OF THE 1ST |
Nassau Rockets batting - Pitching for Hendersonville Hitmen : RHP Rafael López
|
Pitching: RHP Rafael López
|
|
Batting: RHB Alejandro Ramírez
|
0-0: Ball 1-0: Ball 2-0: Ball 3-0: Base on Balls
|
Batting: LHB Andrew Alvarado
|
0-0: Ball 1-0: Foul Ball, location: 2F 1-1: Ball 2-1: DOUBLE (Line Drive, 8RXD) Alejandro Ramírez to third Runner from 3rd tries for Home, SAFE, no throw
|
Batting: RHB Wallace Greene
|
0-0: Ball 1-0: Fly out, F7 (Flyball, 7LSF)
|
Batting: LHB Wilson Allen
|
0-0: 2-RUN HOME RUN (Flyball, 9D), Distance : 341 ft
|
Batting: RHB Salvador Borbón
|
0-0: Ball 1-0: Foul Ball, location: 2F 1-1: Foul Ball, location: 2F 1-2: Ball 2-2: SINGLE (Groundball, 34) (infield hit)
|
Batting: LHB Juan Romero
|
0-0: 2-RUN HOME RUN (Flyball, 9D), Distance : 343 ft
|
Batting: SHB Edgardo Osorio
|
0-0: Ball 1-0: Foul Ball, location: 2F 1-1: Foul Ball, location: 2F 1-2: Foul Ball, location: 2F 1-2: Ball 2-2: Foul Ball, location: 2F 2-2: SINGLE (Groundball, 34D)
|
Batting: LHB Dusty Wilson
|
0-0: Called Strike 0-1: Swinging Strike 0-2: Ball 1-2: Ground out U3 (Groundball, 3) Edgardo Osorio to second
|
Batting: RHB Jesús Villalobos
|
0-0: Fly out, F7 (Flyball, 78M)
|
Bottom of the 1st over - 5 runs, 5 hits, 0 errors, 1 left on base; Hendersonville 0 - Nassau 5 |
TOP OF THE 2ND |
Hendersonville Hitmen batting - Pitching for Nassau Rockets : LHP Rod Adams
|
Batting: SHB Rick Turner
|
0-0: Called Strike 0-1: Called Strike 0-2: Ball 1-2: Strikes out swinging
|
Batting: LHB José Berroa
|
0-0: Ball 1-0: Ball 2-0: Ball 3-0: Base on Balls
|
Batting: LHB Tommy Payne
|
0-0: Called Strike 0-1: Swinging Strike 0-2: Ball 1-2: Fielders Choice at 2nd, 3-6 (Groundball, 3)
|
Batting: LHB Milo Glenn
|
0-0: Called Strike 0-1: Ball 1-1: Ground out 6-3 (Groundball, 6M)
|
Top of the 2nd over - 0 runs, 0 hits, 0 errors, 1 left on base; Hendersonville 0 - Nassau 5 |
BOTTOM OF THE 2ND |
Nassau Rockets batting - Pitching for Hendersonville Hitmen : RHP Rafael López
|
Batting: RHB Alejandro Ramírez
|
0-0: DOUBLE (Flyball, 78D)
|
Batting: LHB Andrew Alvarado
|
0-0: Ball 1-0: Foul Ball, location: 2F 1-1: Swinging Strike 1-2: Fly out, F8 (Flyball, 8LM)
|
Batting: RHB Wallace Greene
|
0-0: Ball 1-0: Foul Ball, location: 2F 1-1: Swinging Strike 1-2: SINGLE (Groundball, 6MD) Alejandro Ramírez to third Runner from 3rd tries for Home, SAFE, no throw
|
Batting: LHB Wilson Allen
|
0-0: SINGLE (Flyball, 5D) Wallace Greene to second
|
Batting: RHB Salvador Borbón
|
0-0: Called Strike 0-1: Ball 1-1: Foul Ball, location: 2F 1-2: Strikes out looking
|
Batting: LHB Juan Romero
|
0-0: Ground out 3-1 (Groundball, 34S)
|
Bottom of the 2nd over - 1 run, 3 hits, 0 errors, 2 left on base; Hendersonville 0 - Nassau 6 |
TOP OF THE 3RD |
Hendersonville Hitmen batting - Pitching for Nassau Rockets : LHP Rod Adams
|
Batting: LHB Miguel García
|
0-0: Ball 1-0: Ground out U3 (Groundball, 3L)
|
Batting: SHB Félix Montoya
|
0-0: Foul Ball, location: 2F 0-1: Called Strike 0-2: Ball 1-2: Foul Ball, location: 2F 1-2: SOLO HOME RUN (Flyball, 7D), Distance : 366 ft
|
Batting: SHB José Estreito
|
0-0: Ball 1-0: Ball 2-0: Ball 3-0: Called Strike 3-1: Ground out 3-1 (Groundball, 34)
|
Batting: LHB Robert Phillips
|
0-0: Swinging Strike 0-1: Ball 1-1: Swinging Strike 1-2: Ball 2-2: Foul Ball, location: 2F 2-2: Strikes out looking
|
Top of the 3rd over - 1 run, 1 hit, 0 errors, 0 left on base; Hendersonville 1 - Nassau 6 |
BOTTOM OF THE 3RD |
Nassau Rockets batting - Pitching for Hendersonville Hitmen : RHP Rafael López
|
Batting: SHB Edgardo Osorio
|
0-0: Ball 1-0: Ball 2-0: Ball 3-0: SINGLE (Flyball, 78M)
|
Batting: LHB Dusty Wilson
|
0-0: Ball 1-0: Called Strike 1-1: Foul Ball, location: 2F 1-2: Ball 2-2: Ball 3-2: Ground out 4-3 (Groundball, 4S) Edgardo Osorio to second
|
Batting: RHB Jesús Villalobos
|
0-0: Called Strike Edgardo Osorio steals 3rd base 0-1: Ground out 6-3 (Groundball, 6) Edgardo Osorio scores
|
Batting: RHB Alejandro Ramírez
|
0-0: Called Strike 0-1: Ball 1-1: Called Strike 1-2: Strikes out swinging
|
Bottom of the 3rd over - 1 run, 1 hit, 0 errors, 0 left on base; Hendersonville 1 - Nassau 7 |
TOP OF THE 4TH |
Hendersonville Hitmen batting - Pitching for Nassau Rockets : LHP Rod Adams
|
Batting: RHB Felipe Jareño
|
0-0: Ball 1-0: Fly out, F8 (Line Drive, 8LD)
|
Batting: SHB Rick Turner
|
0-0: Ball 1-0: Ball 2-0: Ball 3-0: Called Strike 3-1: Base on Balls
|
Batting: LHB José Berroa
|
0-0: Called Strike 0-1: Ball 1-1: Ball 2-1: Called Strike 2-2: Fly out, F7 (Flyball, 7S)
|
Batting: LHB Tommy Payne
|
0-0: Foul Ball, location: 2F 0-1: Ground out U3 (Groundball, 3S)
|
Top of the 4th over - 0 runs, 0 hits, 0 errors, 1 left on base; Hendersonville 1 - Nassau 7 |
BOTTOM OF THE 4TH |
Nassau Rockets batting - Pitching for Hendersonville Hitmen : RHP Rafael López
|
Batting: LHB Andrew Alvarado
|
0-0: Ball 1-0: SINGLE (Line Drive, 9S)
|
Batting: RHB Wallace Greene
|
0-0: Called Strike 0-1: Fly out, F8 (Flyball, 78S)
|
Batting: LHB Wilson Allen
|
0-0: Called Strike Andrew Alvarado steals 2nd base 0-1: Ball 1-1: Ball 2-1: Ground out 3-1 (Groundball, 34) Andrew Alvarado to third
|
Batting: RHB Salvador Borbón
|
0-0: Ball 1-0: Ground out 2-3 (Groundball, 2L)
|
Bottom of the 4th over - 0 runs, 1 hit, 0 errors, 1 left on base; Hendersonville 1 - Nassau 7 |
TOP OF THE 5TH |
Hendersonville Hitmen batting - Pitching for Nassau Rockets : LHP Rod Adams
|
Batting: LHB Milo Glenn
|
0-0: Called Strike 0-1: Called Strike 0-2: Foul Ball, location: 2F 0-2: Foul Ball, location: 2F 0-2: Strikes out looking
|
Batting: LHB Miguel García
|
0-0: Ball 1-0: Called Strike 1-1: Swinging Strike 1-2: Ball 2-2: Fly out, F8 (Flyball, 8RD)
|
Batting: SHB Félix Montoya
|
0-0: Hit by Pitch
|
Batting: SHB José Estreito
|
0-0: Called Strike 0-1: Ball 1-1: Ball 2-1: Foul Ball, location: 2F 2-2: Ball 3-2: Hit by Pitch Félix Montoya to second
|
Batting: LHB Robert Phillips
|
0-0: Foul Ball, location: 2F 0-1: Ground out 4-3 (Groundball, 34)
|
Top of the 5th over - 0 runs, 0 hits, 0 errors, 2 left on base; Hendersonville 1 - Nassau 7 |
BOTTOM OF THE 5TH |
Nassau Rockets batting - Pitching for Hendersonville Hitmen : RHP Rafael López
|
Batting: LHB Juan Romero
|
0-0: Called Strike 0-1: Ball 1-1: Ball 2-1: Ball 3-1: Foul Ball, location: 2F 3-2: SINGLE (Flyball, 7LM)
|
Batting: SHB Edgardo Osorio
|
0-0: Called Strike 0-1: Ball 1-1: Ball 2-1: Ball 3-1: Fly out, F9 (Flyball, 9)
|
Batting: LHB Dusty Wilson
|
0-0: Ball 1-0: Ground out 4-3 (Groundball, 4S) Juan Romero to second
|
Batting: RHB Jesús Villalobos
|
0-0: Called Strike 0-1: Ground out 5-3 (Groundball, 56S)
|
Bottom of the 5th over - 0 runs, 1 hit, 0 errors, 1 left on base; Hendersonville 1 - Nassau 7 |
TOP OF THE 6TH |
Hendersonville Hitmen batting - Pitching for Nassau Rockets : LHP Rod Adams
|
Batting: RHB Felipe Jareño
|
0-0: Ball 1-0: Foul Ball, location: 2F 1-1: Called Strike 1-2: Ball 2-2: Ball 3-2: Foul Ball, location: 2F 3-2: Base on Balls
|
Batting: SHB Rick Turner
|
0-0: Ball 1-0: Foul Ball, location: 2F 1-1: Ball 2-1: Swinging Strike 2-2: Strikes out swinging
|
Batting: LHB José Berroa
|
0-0: Ball 1-0: Swinging Strike 1-1: Hit by Pitch Felipe Jareño to second
|
Batting: LHB Tommy Payne
|
0-0: Ball 1-0: Ball 2-0: Called Strike 2-1: Called Strike 2-2: SINGLE (Line Drive, 9S) Felipe Jareño to third José Berroa to second
|
Pitching: RHP Ron Bartlett
|
|
Batting: LHB Milo Glenn
|
0-0: Called Strike 0-1: Ball 1-1: Ball 2-1: Called Strike 2-2: Foul Ball, location: 2F 2-2: SINGLE (Line Drive, 4D) Felipe Jareño scores José Berroa to third Tommy Payne to second Runner from 3rd tries for Home, SAFE, throw made home
|
Batting: LHB Miguel García
|
0-0: Swinging Strike 0-1: Called Strike Tommy Payne is caught stealing 3rd base Milo Glenn to second 0-2: Ground out U3 (Groundball, 3)
|
Top of the 6th over - 2 runs, 2 hits, 0 errors, 1 left on base; Hendersonville 3 - Nassau 7 |
BOTTOM OF THE 6TH |
Nassau Rockets batting - Pitching for Hendersonville Hitmen : RHP Rafael López
|
Pitching: RHP Jimmy Banks
|
|
Batting: RHB Alejandro Ramírez
|
0-0: Ball 1-0: Fly out, F7 (Flyball, 7D)
|
Batting: LHB Andrew Alvarado
|
0-0: Called Strike 0-1: Ball 1-1: DOUBLE (Line Drive, 78D)
|
Batting: RHB Wallace Greene
|
0-0: Ball 1-0: Swinging Strike 1-1: Called Strike 1-2: Fly out, F3 (Popup, 3S)
|
Batting: LHB Wilson Allen
|
0-0: Foul Ball, location: 2F 0-1: Foul Ball, location: 2F 0-2: Ball 1-2: Ball 2-2: Strikes out swinging
|
Bottom of the 6th over - 0 runs, 1 hit, 0 errors, 1 left on base; Hendersonville 3 - Nassau 7 |
TOP OF THE 7TH |
Hendersonville Hitmen batting - Pitching for Nassau Rockets : RHP Ron Bartlett
|
Batting: SHB Félix Montoya
|
0-0: Fly out, F7 (Flyball, 78S)
|
Batting: SHB José Estreito
|
0-0: Ground out 6-3 (Groundball, 6)
|
Batting: LHB Robert Phillips
|
0-0: Ball 1-0: Foul Ball, location: 2F 1-1: SINGLE (Line Drive, 9S)
|
Batting: RHB Felipe Jareño
|
0-0: Swinging Strike 0-1: Ball 1-1: Called Strike 1-2: Strikes out swinging
|
Top of the 7th over - 0 runs, 1 hit, 0 errors, 1 left on base; Hendersonville 3 - Nassau 7 |
BOTTOM OF THE 7TH |
Nassau Rockets batting - Pitching for Hendersonville Hitmen : RHP Jimmy Banks
|
Batting: RHB Salvador Borbón
|
0-0: Called Strike 0-1: Called Strike 0-2: Ball 1-2: Ball 2-2: Ground out 5-3 (Groundball, 25)
|
Batting: LHB Juan Romero
|
0-0: Ball 1-0: Ball 2-0: Called Strike 2-1: Ball 3-1: SOLO HOME RUN (Flyball, 9D), Distance : 357 ft
|
Batting: SHB Edgardo Osorio
|
0-0: Called Strike 0-1: SINGLE (Groundball, 34D)
|
Batting: LHB Dusty Wilson
|
0-0: Ball 1-0: Fielders Choice at 2nd, 4-6 (Groundball, 4)
|
Batting: RHB Jesús Villalobos
|
0-0: Swinging Strike 0-1: Ball 1-1: DOUBLE (Groundball, 5L) Dusty Wilson to third Runner from 3rd tries for Home, SAFE, no throw
|
Batting: RHB Alejandro Ramírez
|
0-0: Foul Ball, location: 2F 0-1: Ball 1-1: Foul Ball, location: 2F 1-2: DOUBLE (Line Drive, 7LS) Jesús Villalobos scores
|
Batting: LHB Andrew Alvarado
|
0-0: Ball 1-0: Ball 2-0: Ground out U3 (Groundball, 34)
|
Bottom of the 7th over - 3 runs, 4 hits, 0 errors, 1 left on base; Hendersonville 3 - Nassau 10 |
TOP OF THE 8TH |
Hendersonville Hitmen batting - Pitching for Nassau Rockets : RHP Ron Bartlett
|
Batting: SHB Rick Turner
|
0-0: Ball 1-0: Ball 2-0: Foul Ball, location: 2F 2-1: Foul Ball, location: 2F 2-2: Ball 3-2: Base on Balls
|
Batting: LHB José Berroa
|
0-0: Fielders Choice at 2nd, 3-6 (Groundball, 34)
|
Batting: LHB Tommy Payne
|
0-0: Swinging Strike 0-1: Ball 1-1: SINGLE (Groundball, 34D) José Berroa to second Runner from 2nd tries for 3rd, SAFE, throw made to third
|
Batting: LHB Milo Glenn
|
0-0: Ball 1-0: Swinging Strike 1-1: Ball 2-1: 3-RUN HOME RUN (Flyball, 7D), Distance : 346 ft
|
Pitching: RHP Kenkichi Morimoto
|
|
Batting: LHB Miguel García
|
0-0: Hit by Pitch
|
Batting: SHB Félix Montoya
|
0-0: Called Strike 0-1: SINGLE (Line Drive, 34D) Miguel García to second
|
Batting: SHB José Estreito
|
0-0: Foul Ball, location: 2F 0-1: Ball 1-1: Foul Ball, location: 2F 1-2: Ball 2-2: Foul Ball, location: 2F 2-2: Fielders Choice at 2nd, 4-6 (Groundball, 4) Miguel García to third
|
Batting: LHB Robert Phillips
|
0-0: Foul Ball, location: 2F 0-1: Swinging Strike 0-2: Fielders Choice at 2nd, 6-4 (Groundball, 6)
|
Top of the 8th over - 3 runs, 3 hits, 0 errors, 2 left on base; Hendersonville 6 - Nassau 10 |
BOTTOM OF THE 8TH |
Nassau Rockets batting - Pitching for Hendersonville Hitmen : RHP Jimmy Banks
|
Pitching: RHP Ignacio Morales
|
|
Batting: RHB Wallace Greene
|
0-0: Foul Ball, location: 2F 0-1: Foul Ball, location: 2F 0-2: Foul Ball, location: 2F 0-2: Ball 1-2: Strikes out swinging
|
Batting: LHB Wilson Allen
|
0-0: Ball 1-0: Ground out 4-3 (Groundball, 4)
|
Batting: RHB Salvador Borbón
|
0-0: Called Strike 0-1: Ball 1-1: Called Strike 1-2: Strikes out swinging
|
Bottom of the 8th over - 0 runs, 0 hits, 0 errors, 0 left on base; Hendersonville 6 - Nassau 10 |
TOP OF THE 9TH |
Hendersonville Hitmen batting - Pitching for Nassau Rockets : RHP Kenkichi Morimoto
|
Batting: RHB Felipe Jareño
|
0-0: SINGLE (Flyball, 78M)
|
Batting: SHB Rick Turner
|
0-0: Called Strike 0-1: Ball 1-1: Foul Ball, location: 2F 1-2: Ball 2-2: Foul Ball, location: 2F 2-2: Strikes out swinging
|
Batting: LHB José Berroa
|
0-0: Foul Ball, location: 2F 0-1: Called Strike 0-2: Ball 1-2: Strikes out swinging
|
Batting: LHB Tommy Payne
|
0-0: Called Strike 0-1: Foul Ball, location: 2F 0-2: Strikes out looking
|
Top of the 9th over - 0 runs, 1 hit, 0 errors, 1 left on base; Hendersonville 6 - Nassau 10 |
|